BSA
SO CAL BRUINS @ SPRINGFIELD STARS
08/11/2030
 
TOP OF THE 1ST
So Cal Bruins batting - Pitching for Springfield Stars : RHP Claudio Martínez
Pitching: RHP Claudio Martínez
Batting: LHB Brent Alonzo 0-0: Called Strike
0-1: Swinging Strike
0-2: SINGLE (Groundball, 56D)
Batting: SHB Martín De Jesús 0-0: Ball
1-0: Ball
2-0: Foul Ball, location: 2F
2-1: Ball
3-1: Foul Ball, location: 2F
3-2: Base on Balls
Brent Alonzo to second
Batting: LHB José Antonio Santiago 0-0: Ball
1-0: Ball
2-0: SINGLE (Groundball, 6D)
Brent Alonzo to third
Martín De Jesús to second
Batting: RHB Earl Wiggins 0-0: SINGLE (Groundball, 6D)
Brent Alonzo scores
Martín De Jesús to third
José Antonio Santiago to second
Batting: RHB Rubén Calderón 0-0: Ball
1-0: Called Strike
1-1: Swinging Strike
1-2: Strikes out looking
Batting: LHB Bob Ware 0-0: Ball
1-0: Ball
2-0: Ball
3-0: Base on Balls
Martín De Jesús scores
José Antonio Santiago to third
Earl Wiggins to second
Batting: LHB Morgan Wright 0-0: Ball
1-0: Ball
2-0: Ball
3-0: Base on Balls
José Antonio Santiago scores
Earl Wiggins to third
Bob Ware to second
Batting: LHB Clint Parkinson 0-0: Called Strike
0-1: Ball
1-1: Foul Ball, location: 2F
1-2: Ball
2-2: Ball
3-2: Foul Ball, location: 2F
3-2: Fly out, F9 (Flyball, 9S)
Batting: RHB Tomás Díaz 0-0: Called Strike
0-1: Called Strike
0-2: Foul Ball, location: 2F
0-2: Ball
1-2: Ground out 1-3 (Groundball, 13S)
Top of the 1st over - 3 runs, 3 hits, 0 errors, 3 left on base; So Cal 3 - Springfield 0
BOTTOM OF THE 1ST
Springfield Stars batting - Pitching for So Cal Bruins : RHP Orlando Trinidad
Pitching: RHP Orlando Trinidad
Batting: RHB Norberto Taváres 0-0: Ball
1-0: Swinging Strike
1-1: Ball
2-1: Called Strike
2-2: Foul Ball, location: 2F
2-2: Ball
3-2: Base on Balls
Batting: LHB Jesús Tobías 0-0: Foul Ball, location: 2F
0-1: Ball
1-1: Ball
2-1: Ball
3-1: Base on Balls
Norberto Taváres to second
Batting: LHB Derek Davidson 0-0: Ball
1-0: Foul Ball, location: 2F
1-1: Swinging Strike
1-2: Strikes out swinging
Batting: LHB Elliott Newell 0-0: Swinging Strike
0-1: Called Strike
0-2: Ball
1-2: Ball
2-2: Ball
3-2: Strikes out looking
Batting: SHB António De La Cruz 0-0: Foul Ball, location: 2F
0-1: Ball
Passed Ball!
Norberto Taváres to third
Jesús Tobías to second
1-1: Called Strike
1-2: Ball
2-2: Foul Ball, location: 2F
2-2: SINGLE (Line Drive, 89M)
Norberto Taváres scores
Jesús Tobías to third
Runner from 3rd tries for Home, SAFE, no throw
Batting: RHB Calvin Bennett 0-0: Called Strike
0-1: Ball
1-1: Ball
2-1: Called Strike
2-2: Foul Ball, location: 2F
2-2: Strikes out looking
Bottom of the 1st over - 2 runs, 1 hit, 0 errors, 1 left on base; So Cal 3 - Springfield 2
TOP OF THE 2ND
So Cal Bruins batting - Pitching for Springfield Stars : RHP Claudio Martínez
Batting: LHB Brent Alonzo 0-0: Ball
1-0: Called Strike
1-1: Ball
2-1: Ball
3-1: Fly out, F9 (Flyball, 89D)
Batting: SHB Martín De Jesús 0-0: Called Strike
0-1: Ball
1-1: Ball
2-1: Ball
3-1: Reached on error, E6 (Groundball, 6M)
Batting: LHB José Antonio Santiago 0-0: Fly out, F7 (Flyball, 7S)
Batting: RHB Earl Wiggins 0-0: Ball
1-0: Foul Ball, location: 2F
1-1: Ball
2-1: Ball
3-1: Called Strike
3-2: Fly out, F8 (Flyball, 8LS)
Top of the 2nd over - 0 runs, 0 hits, 1 error, 1 left on base; So Cal 3 - Springfield 2
BOTTOM OF THE 2ND
Springfield Stars batting - Pitching for So Cal Bruins : RHP Orlando Trinidad
Batting: RHB Gabriel Erwin 0-0: Ball
1-0: Foul Ball, location: 2F
1-1: Ball
2-1: Foul Ball, location: 2F
2-2: Ground out 5-3 (Groundball, 56S)
Batting: RHB José López 0-0: Called Strike
0-1: Ball
1-1: Called Strike
1-2: Ball
2-2: Strikes out looking
Batting: RHB Juan Carlos Rodríguez 0-0: Ball
1-0: Ball
2-0: Ball
3-0: Ground out 6-3 (Groundball, 6)
Bottom of the 2nd over - 0 runs, 0 hits, 0 errors, 0 left on base; So Cal 3 - Springfield 2
TOP OF THE 3RD
So Cal Bruins batting - Pitching for Springfield Stars : RHP Claudio Martínez
Batting: RHB Rubén Calderón 0-0: Foul Ball, location: 2F
0-1: SOLO HOME RUN (Flyball, 78XD), Distance : 432 ft
Batting: LHB Bob Ware 0-0: Fly out, F6 (Popup, 6)
Batting: LHB Morgan Wright 0-0: Ball
1-0: Foul Ball, location: 2F
1-1: Foul Ball, location: 2F
1-2: Ball
2-2: Ground out 4-3 (Groundball, 4D)
Batting: LHB Clint Parkinson 0-0: Called Strike
0-1: Called Strike
0-2: Ball
1-2: Strikes out looking
Top of the 3rd over - 1 run, 1 hit, 0 errors, 0 left on base; So Cal 4 - Springfield 2
BOTTOM OF THE 3RD
Springfield Stars batting - Pitching for So Cal Bruins : RHP Orlando Trinidad
Batting: RHB Norberto Taváres 0-0: Ball
1-0: Ground out 6-3 (Groundball, 6)
Batting: LHB Jesús Tobías 0-0: Called Strike
0-1: Foul Ball, location: 2F
0-2: Foul Ball, location: 2F
0-2: Fly out, F7 (Flyball, 78D)
Batting: LHB Derek Davidson 0-0: Called Strike
0-1: Ball
1-1: Ground out 1-3 (Groundball, 13)
Bottom of the 3rd over - 0 runs, 0 hits, 0 errors, 0 left on base; So Cal 4 - Springfield 2
TOP OF THE 4TH
So Cal Bruins batting - Pitching for Springfield Stars : RHP Claudio Martínez
Batting: RHB Tomás Díaz 0-0: Ball
1-0: Called Strike
1-1: Foul Ball, location: 2F
1-2: Ball
2-2: Strikes out swinging
Batting: LHB Brent Alonzo 0-0: Swinging Strike
0-1: Ball
1-1: Ball
2-1: Ground out 4-3 (Groundball, 4)
Batting: SHB Martín De Jesús 0-0: Ball
1-0: Called Strike
1-1: Foul Ball, location: 2F
1-2: Ball
2-2: Foul Ball, location: 2F
2-2: Foul Ball, location: 2F
2-2: Strikes out swinging
Top of the 4th over - 0 runs, 0 hits, 0 errors, 0 left on base; So Cal 4 - Springfield 2
BOTTOM OF THE 4TH
Springfield Stars batting - Pitching for So Cal Bruins : RHP Orlando Trinidad
Batting: LHB Elliott Newell 0-0: Ball
1-0: Fly out, F7 (Flyball, 7S)
Batting: SHB António De La Cruz 0-0: Ball
1-0: Foul Ball, location: 2F
1-1: Ball
2-1: Foul Ball, location: 2F
2-2: SINGLE (Groundball, 56D)
Batting: RHB Calvin Bennett 0-0: Called Strike
0-1: Foul Ball, location: 2F
0-2: Foul Ball, location: 2F
0-2: Strikes out swinging
Batting: RHB Gabriel Erwin 0-0: Ball
1-0: Foul Ball, location: 2F
1-1: Called Strike
1-2: Ball
2-2: Foul Ball, location: 2F
2-2: Ball
3-2: Foul Ball, location: 2F
3-2: Foul Ball, location: 2F
3-2: Strikes out swinging
Bottom of the 4th over - 0 runs, 1 hit, 0 errors, 1 left on base; So Cal 4 - Springfield 2
TOP OF THE 5TH
So Cal Bruins batting - Pitching for Springfield Stars : RHP Claudio Martínez
Batting: LHB José Antonio Santiago 0-0: Fly out, F9 (Line Drive, 9D)
Batting: RHB Earl Wiggins 0-0: Called Strike
0-1: Ball
1-1: Swinging Strike
1-2: Strikes out looking
Batting: RHB Rubén Calderón 0-0: Ball
1-0: Swinging Strike
1-1: Ball
2-1: Fly out, F8 (Flyball, 8LM)
Top of the 5th over - 0 runs, 0 hits, 0 errors, 0 left on base; So Cal 4 - Springfield 2
BOTTOM OF THE 5TH
Springfield Stars batting - Pitching for So Cal Bruins : RHP Orlando Trinidad
Batting: RHB José López 0-0: Called Strike
0-1: Reached on error, E6 (Popup, 4M)
Batting: RHB Juan Carlos Rodríguez 0-0: Ball
1-0: Called Strike
1-1: Foul Ball, location: 2F
1-2: Foul Ball, location: 2F
1-2: Strikes out looking
Batting: RHB Norberto Taváres 0-0: Ball
José López steals 2nd base
1-0: Ball
2-0: Foul Ball, location: 2F
2-1: Ball
3-1: Called Strike
3-2: Foul Ball, location: 2F
3-2: Base on Balls
Batting: LHB Jesús Tobías 0-0: Ball
1-0: Called Strike
José López is caught stealing 3rd base
1-1: Ball
2-1: Ball
3-1: Foul Ball, location: 2F
3-2: Foul Ball, location: 2F
3-2: Ground out 6-3 (Groundball, 6M)
Bottom of the 5th over - 0 runs, 0 hits, 1 error, 1 left on base; So Cal 4 - Springfield 2
TOP OF THE 6TH
So Cal Bruins batting - Pitching for Springfield Stars : RHP Claudio Martínez
Batting: LHB Bob Ware 0-0: Called Strike
0-1: Foul Ball, location: 2F
0-2: Strikes out looking
Batting: LHB Morgan Wright 0-0: Ball
1-0: Called Strike
1-1: Foul Ball, location: 2F
1-2: Foul Ball, location: 2F
1-2: Foul Ball, location: 2F
1-2: Foul Ball, location: 2F
1-2: Ball
2-2: Ground out 6-3 (Groundball, 6)
Batting: LHB Clint Parkinson 0-0: Ball
1-0: Ball
2-0: Called Strike
2-1: Called Strike
2-2: Strikes out looking
Top of the 6th over - 0 runs, 0 hits, 0 errors, 0 left on base; So Cal 4 - Springfield 2
BOTTOM OF THE 6TH
Springfield Stars batting - Pitching for So Cal Bruins : RHP Orlando Trinidad
Pitching: RHP Flint Gray
Batting: LHB Derek Davidson 0-0: Ball
1-0: Called Strike
1-1: Ball
2-1: Foul Ball, location: 2F
2-2: Ball
3-2: Foul Ball, location: 2F
3-2: Strikes out swinging
Batting: LHB Elliott Newell 0-0: Ball
1-0: Ball
2-0: SOLO HOME RUN (Flyball, 7LD), Distance : 364 ft
Batting: SHB António De La Cruz 0-0: Called Strike
0-1: Ball
1-1: Foul Ball, location: 2F
1-2: Foul Ball, location: 2F
1-2: SINGLE (Flyball, 9LM)
Batting: RHB Calvin Bennett 0-0: Ball
1-0: Called Strike
1-1: Ball
2-1: Foul Ball, location: 2F
2-2: Ball
3-2: Base on Balls
António De La Cruz to second
Batting: RHB Gabriel Erwin 0-0: SINGLE (Groundball, 6MD)
António De La Cruz to third
Calvin Bennett to second
Runner from 3rd tries for Home, SAFE, no throw
Batting: RHB José López 0-0: Called Strike
Calvin Bennett steals 3rd base
Gabriel Erwin to second
0-1: Ball
1-1: Ball
2-1: Called Strike
2-2: Strikes out swinging
Batting: RHB Juan Carlos Rodríguez 0-0: Ball
1-0: Ground out 6-3 (Groundball, 6S)
Bottom of the 6th over - 2 runs, 3 hits, 0 errors, 2 left on base; So Cal 4 - Springfield 4
TOP OF THE 7TH
So Cal Bruins batting - Pitching for Springfield Stars : RHP Claudio Martínez
Pitching: LHP Cristián Escobar
Batting: RHB Tomás Díaz 0-0: Called Strike
0-1: Ball
1-1: Ball
2-1: Ball
3-1: Fly out, F7 (Flyball, 78M)
Pinch Hitting: RHB Roberto Cruz 0-0: Called Strike
0-1: Ground out 1-3 (Groundball, 15S)
Batting: SHB Martín De Jesús 0-0: Swinging Strike
0-1: Swinging Strike
0-2: Ball
1-2: Foul Ball, location: 2F
1-2: Strikes out looking
Top of the 7th over - 0 runs, 0 hits, 0 errors, 0 left on base; So Cal 4 - Springfield 4
BOTTOM OF THE 7TH
Springfield Stars batting - Pitching for So Cal Bruins : RHP Flint Gray
Pitching: RHP Marty Burgess
Now at 2B: Greg King
Batting: RHB Norberto Taváres 0-0: Swinging Strike
0-1: Foul Ball, location: 2F
0-2: Ground out 5-3 (Groundball, 56S)
Batting: LHB Jesús Tobías 0-0: Ball
1-0: Ball
2-0: Ground out 4-3 (Groundball, 4)
Batting: LHB Derek Davidson 0-0: Ball
1-0: Ball
2-0: Fly out, F9 (Flyball, 9S)
Bottom of the 7th over - 0 runs, 0 hits, 0 errors, 0 left on base; So Cal 4 - Springfield 4
TOP OF THE 8TH
So Cal Bruins batting - Pitching for Springfield Stars : LHP Cristián Escobar
Batting: LHB José Antonio Santiago 0-0: Ball
1-0: Ball
2-0: Called Strike
2-1: Foul Ball, location: 2F
2-2: Ball
3-2: Strikes out swinging
Batting: RHB Earl Wiggins 0-0: Swinging Strike
0-1: Foul Ball, location: 2F
0-2: SINGLE (Line Drive, 34D)
Batting: RHB Rubén Calderón 0-0: Ball
1-0: Called Strike
1-1: Ball
2-1: Fly out, F9 (Line Drive, 9)
Pinch Hitting: RHB Adrian Prouse 0-0: Called Strike
0-1: Ball
1-1: Swinging Strike
1-2: SINGLE (Flyball, 7LS)
Earl Wiggins to second
Pinch Hitting: RHB Pedro Mata 0-0: Hit by Pitch
Earl Wiggins to third
Adrian Prouse to second
Batting: LHB Clint Parkinson 0-0: Foul Ball, location: 2F
0-1: Swinging Strike
0-2: Strikes out looking
Top of the 8th over - 0 runs, 2 hits, 0 errors, 3 left on base; So Cal 4 - Springfield 4
BOTTOM OF THE 8TH
Springfield Stars batting - Pitching for So Cal Bruins : RHP Marty Burgess
Now in LF: Adrian Prouse
Now in CF: Pedro Mata
Batting: LHB Elliott Newell 0-0: Called Strike
0-1: Ball
1-1: Ground out 6-3 (Groundball, 6MD)
Batting: SHB António De La Cruz 0-0: Foul Ball, location: 2F
0-1: Swinging Strike
0-2: Fly out, F9 (Flyball, 9)
Batting: RHB Calvin Bennett 0-0: Called Strike
0-1: Ball
1-1: Called Strike
1-2: Ball
2-2: Fly out, F4 (Line Drive, 4M)
Bottom of the 8th over - 0 runs, 0 hits, 0 errors, 0 left on base; So Cal 4 - Springfield 4
TOP OF THE 9TH
So Cal Bruins batting - Pitching for Springfield Stars : LHP Cristián Escobar
Pitching: RHP José Valdéz
Batting: RHB Tomás Díaz 0-0: Called Strike
0-1: Ground out 6-3 (Groundball, 6)
Batting: RHB Greg King 0-0: Ball
1-0: Ball
2-0: Called Strike
2-1: Called Strike
2-2: Ball
3-2: Strikes out swinging
Batting: SHB Martín De Jesús 0-0: Fly out, F6 (Line Drive, 56)
Top of the 9th over - 0 runs, 0 hits, 0 errors, 0 left on base; So Cal 4 - Springfield 4
BOTTOM OF THE 9TH
Springfield Stars batting - Pitching for So Cal Bruins : RHP Marty Burgess
Batting: RHB Gabriel Erwin 0-0: Called Strike
0-1: Ball
1-1: Ground out 5-3 (Groundball, 5L)
Pinch Hitting: LHB Will Hill 0-0: Called Strike
0-1: Ball
1-1: Called Strike
1-2: Strikes out swinging, 2-3 out at first.
Batting: RHB Juan Carlos Rodríguez 0-0: Fly out, F7 (Line Drive, 78S)
Bottom of the 9th over - 0 runs, 0 hits, 0 errors, 0 left on base; So Cal 4 - Springfield 4
TOP OF THE 10TH
So Cal Bruins batting - Pitching for Springfield Stars : RHP José Valdéz
Now at SS: Dave Henderson
Batting: LHB José Antonio Santiago 0-0: Called Strike
0-1: Called Strike
0-2: Strikes out swinging
Batting: RHB Earl Wiggins 0-0: Called Strike
0-1: Foul Ball, location: 2F
0-2: DOUBLE (Groundball, 5L)
Batting: RHB Rubén Calderón 0-0: Swinging Strike
0-1: Fly out, F7 (Flyball, 7LM)
Batting: RHB Adrian Prouse 0-0: Intentional Walk
Pinch Runner at 2nd José Delgado:
Batting: RHB Pedro Mata 0-0: Ball
1-0: SINGLE (Groundball, 6MD)
José Delgado to third
Adrian Prouse to second
Runner from 3rd tries for Home, SAFE, throw made home
Batting: LHB Clint Parkinson 0-0: Ball
1-0: Foul Ball, location: 2F
1-1: Called Strike
1-2: Foul Ball, location: 2F
1-2: Strikes out swinging
Top of the 10th over - 1 run, 2 hits, 0 errors, 2 left on base; So Cal 5 - Springfield 4
BOTTOM OF THE 10TH
Springfield Stars batting - Pitching for So Cal Bruins : RHP Marty Burgess
Pitching: RHP César Menéndez
Now at C: Chris Woods
Batting: RHB Norberto Taváres 0-0: Foul Ball, location: 2F
0-1: Foul Ball, location: 2F
0-2: Foul Ball, location: 2F
0-2: Foul Ball, location: 2F
0-2: Foul Ball, location: 2F
0-2: Ball
1-2: Foul Ball, location: 2F
1-2: Foul Ball, location: 2F
1-2: Ball
2-2: Foul Ball, location: 2F
2-2: Ball
3-2: Ground out 6-3 (Groundball, 6)
Batting: LHB Jesús Tobías 0-0: Ground out 4-3 (Groundball, 4S)
Batting: LHB Derek Davidson 0-0: Ball
1-0: Ball
2-0: Called Strike
2-1: Foul Ball, location: 2F
2-2: Ball
3-2: Foul Ball, location: 2F
3-2: Foul Ball, location: 2F
3-2: Foul Ball, location: 2F
3-2: Foul Ball, location: 2F
3-2: SINGLE (Flyball, 9S)
Batting: LHB Elliott Newell 0-0: Ball
1-0: Called Strike
Derek Davidson is caught stealing 2nd base
Bottom of the 10th over - 0 runs, 1 hit, 0 errors, 0 left on base; So Cal 5 - Springfield 4
Saturday, April 7th, 2018 - OOTP Baseball 18.8 Build 76